 Dungeon Crawl Stone Soup version 0.14-a0-3315-g09e681a (webtiles) character file.

179 Kae the Chopper (level 4, 0/39 HPs)
             Began as a Hill Orc Fighter on Mar 15, 2014.
             Slain by Grinder (1 damage)
             ... while paralysed by Grinder
             ... on Level 3 of the Dungeon.
             The game lasted 00:02:40 (1696 turns).

Kae the Chopper (Hill Orc Fighter)                  Turns: 1696, Time: 00:02:41

HP   0/39        AC  9     Str 19      XL: 4   Next: 63%
MP   4/4         EV  2     Int  8      God:
Gold 85          SH  0     Dex 10      Spells:  0 memorised,  3 levels left

rFire  . . .     SeeInvis .     a - +0 war axe
rCold  . . .     Clarity  .     b - +1 scale mail
rNeg   . . .     Conserve .     c - +0 shield
rPois  .         rCorr    .     (no helmet)
rElec  .         rRot     .     (no cloak)
SustAb . .       Spirit   .     m - +0 pair of gloves
rMut   .         Warding  .     (no boots)
Saprov + . .     Stasis   .     (no amulet)
MR     .....                    (no ring)
                                (no ring)

@: paralysed, not resistant to hostile enchantments, extremely unstealthy
A: saprovore 1
a: no special abilities


You were on level 3 of the Dungeon.
You were not hungry.

You visited 1 branch of the dungeon, and saw 3 of its levels.

You collected 85 gold pieces.

Inventory:

Hand weapons
 a - a +0,+0 war axe (weapon)
Armour
 b - a +1 scale mail (worn)
 c - a +0 shield (worn)
 m - a +0 pair of gloves (worn)
Comestibles
 d - 2 meat rations
 f - 4 chunks of orc flesh
 k - an apple
 o - 2 bread rations
 s - a rotting chunk of hobgoblin flesh
Scrolls
 g - a scroll of teleportation
 h - a scroll of remove curse
 j - 4 scrolls of identify
 t - 2 scrolls of enchant weapon II {unknown}
Potions
 e - 2 potions of might
 i - a potion of agility {unknown}
 l - a potion of restore abilities {unknown}
 n - a potion of degeneration {unknown}
 r - a potion of magic


   Skills:
 - Level 3.6 Fighting
 + Level 6.2 Axes
 - Level 3.2 Armour
 - Level 3.2 Shields


You had 3 spell levels left.
You didn't know any spells.

Dungeon Overview and Level Annotations

Branches:
Dungeon (3/15)

Altars:

Annotations:
D:3 Grinder


Innate Abilities, Weirdness & Mutations

You can tolerate rotten meat.


Message History

Grinder is lightly wounded.
Grinder hits you but does no damage.
You hit Grinder.
Grinder is moderately wounded.
You block Grinder's attack.
You hit Grinder.
Grinder is moderately wounded.
Grinder gestures at you.
You suddenly lose the ability to move!
Grinder hits you but does no damage. Grinder hits you.
You writhe in agony.
Grinder hits you!
* * * LOW HITPOINT WARNING * * *
You writhe in agony.
* * * LOW HITPOINT WARNING * * *
Grinder completely misses you. Grinder hits you but does no damage.
Grinder hits you.
* * * LOW HITPOINT WARNING * * *
You writhe in agony.
You die...

#....#...# ####..##.....##.#
#....#..<####.....##....%##.###
#...%...............>..........
#....##...###.....#......#.....
#.#####...####.................
#.# #........##.###########..
#.# ###......##.# #..
#.#***###......##.####### #..
#..,,,.......5@.........# ###
*#***,####.....##.....#.# **
*,*...#...?...%.....# ***,,,
*........##.#.....#
**,,,,,,*.....###...###...#
,,,,,,,,**....***...# *...#
,,,,,,,,,,,..,,,,...# **##*
,,*,,,,*** *#***#...# * *,,,,*
#...#


You could see Grinder.

Vanquished Creatures
  Jessica (D:2)
  2 adders
  An inept feature mimic (D:2)
  3 giant geckos
  2 orcs (D:3)
  A ball python (D:3)
  5 bats
  6 hobgoblins
  3 jackals (D:1)
  12 kobolds
  A quokka (D:2)
  5 giant newts (D:1)
  4 goblins
  3 rats
49 creatures vanquished.

Notes
Turn   | Place    | Note
--------------------------------------------------------------
     0 | D:1      | Kae, the Hill Orc Fighter, began the quest for the Orb.
     0 | D:1      | Reached XP level 1. HP: 19/19 MP: 1/1
   223 | D:1      | Reached XP level 2. HP: 26/26 MP: 2/2
   294 | D:1      | Reached skill level 4 in Axes
   732 | D:1      | Reached XP level 3. HP: 20/31 MP: 3/3
   990 | D:2      | Noticed Jessica
   996 | D:2      | Killed Jessica
   996 | D:2      | Reached skill level 5 in Axes
  1148 | D:2      | Reached XP level 4. HP: 39/39 MP: 4/4
  1614 | D:3      | Reached skill level 6 in Axes
  1676 | D:3      | Noticed Grinder
  1691 | D:3      | Paralysed by Grinder for 6 turns
  1696 | D:3      | HP: 1/39 [Grinder (2)]
  1696 | D:3      | Slain by Grinder

Action                   |  1- 3 |  4- 6 || total
-------------------------+-------+-------++-------
Melee: War axe           |    89 |    67 ||   156
  Use: Scroll            |       |     7 ||     7
